 Dungeon Crawl Stone Soup version 0.17-a0-1636-g3119f2b (console) character file.

66 Monkaria the Conjurer (level 3, -1/19 HPs)
             Began as a Deep Elf Conjurer on Aug 6, 2015.
             Slain by an orc
             ... wielding a +0 hand axe
              (4 damage)
             ... on level 2 of the Dungeon.
             The game lasted 00:02:35 (2067 turns).

Monkaria the Conjurer (Deep Elf Conjurer)           Turns: 2067, Time: 00:02:35

Health: -1/19      AC:  2    Str:  5    XL:     3   Next: 96%
Magic:  4/9        EV: 13    Int: 20    God:
Gold:   227        SH:  0    Dex: 15    Spells: 2 memorised, 5 levels left

rFire  . . .     SeeInvis .     (no weapon)
rCold  . . .     Clarity  .     a - +0 robe
rNeg   . . .     SustAt   .     (no shield)
rPois  .         Gourm    .     (no helmet)
rElec  .         Spirit   .     (no cloak)
rCorr  .         Warding  .     (no gloves)
rMut   .         Stasis   .     (no boots)
MR     .....                    (no amulet)
Stlth  ++........               (no ring)
                                (no ring)

@: not resistant to hostile enchantments, unstealthy
A: no striking features
a: no special abilities


You were on level 2 of the Dungeon.
You were not hungry.

You visited 1 branch of the dungeon, and saw 3 of its levels.

You collected 227 gold pieces.

Inventory:

Missiles
 f - 14 poisoned needles
Armour
 a - a +0 robe (worn)
Jewellery
 i - an uncursed amulet of warding {unknown}
 t - a +1 ring of slaying {unknown}
Scrolls
 e - a scroll of remove curse {unknown}
 j - a scroll of random uselessness {unknown}
 k - a scroll of teleportation {unknown}
 o - a scroll of enchant armour {unknown}
 q - a scroll of recharging {unknown}
Potions
 d - a potion of resistance {unknown}
 g - 2 potions of brilliance {unknown}
 m - 2 potions of might {unknown}
 r - a potion of cure mutation {unknown}
 u - a potion of curing {unknown}
 v - a potion of heal wounds {unknown}
Books
 b - a book of Conjurations

   Spells                             Type                      Level
   a - Magic Dart                     Conjuration                  1
   b - Searing Ray                    Conjuration                  2
   c - Dazzling Spray                 Conjuration/Hexes            3
   d - Fulminant Prism                Conjuration/Hexes            4
   e - Iskenderun's Mystic Blast      Conjuration                  4
   f - Iskenderun's Battlesphere      Conjuration/Charms           5
 n - a book of Changes

   Spells                             Type                      Level
   a - Beastly Appendage              Transmutation                1
   b - Sticks to Snakes               Transmutation                2
   c - Spider Form                    Transmutation/Poison         3
   d - Ice Form                       Ice/Transmutation            4
   e - Blade Hands                    Transmutation                5
Comestibles
 c - 3 bread rations
 h - a meat ration
 l - a royal jelly
 p - a beef jerky


   Skills:
 - Level 2.4 Dodging
 - Level 2.4 Stealth
 - Level 3.0 Spellcasting
 * Level 6.1 Conjurations


You had 5 spell levels left.
You knew the following spells:

 Your Spells              Type           Power        Failure   Level  Hunger
a - Magic Dart            Conj           ####         1%          1    None
b - Searing Ray           Conj           ####..       1%          2    ##.....


Dungeon Overview and Level Annotations

Branches:
Dungeon (3/15)

Altars:
Fedhas
Qazlal
Yredelemnul


Message History

Things that are here:
a flail; a club
Casting: Searing Ray
Confirm with . or Enter, or press ? or * to list all spells.
Aiming: Searing Ray
Press: ? - help, Shift-Dir - straight line, f - orc
Aim: an orc, wielding a dagger The searing ray hits the orc.
The orc is heavily wounded.
The orc hits you.
* * * LOW HITPOINT WARNING * * *
The searing ray misses the orc.
The searing ray hits the orc.
The orc is heavily wounded.
The orc barely misses you.
The searing ray hits the orc.
You kill the orc!
The searing ray misses the orc.
The searing ray hits the orc.
You kill the orc!
The orc hits you with a hand axe.
You die...

####### #.##.###.#####
#.....# #.##.# #.# #
#.....####.##.###.#
#.................#####
#.....####.##.##.......
#.....# #.##.###.#####
###.### #........#
#.######........#
#...@o).........#####
#.######.............
#.# #.......###### #.#
#.......# #.#
#..)....## #.#
##>..<...# #.#
#######.# #.# #.# #.#
#.#


You could see an orc.

Vanquished Creatures
  An adder (D:2)
  A worm (D:2)
  2 giant geckos (D:2)
  4 orcs (D:2)
  6 hobgoblins
  5 jackals (D:2)
  A ball python (D:2)
  7 bats
  A giant cockroach (D:1)
  5 goblins
  4 kobolds
  10 rats
47 creatures vanquished.

Notes
Turn   | Place    | Note
--------------------------------------------------------------
     0 | D:1      | Monkaria the Deep Elf Conjurer began the quest for the Orb.
     0 | D:1      | Reached XP level 1. HP: 10/10 MP: 6/6
   385 | D:1      | Reached XP level 2. HP: 12/15 MP: 4/8
   578 | D:1      | Reached skill level 5 in Conjurations
   776 | D:2      | Learned a level 2 spell: Searing Ray
   916 | D:2      | Found a stormy altar of Qazlal.
  1016 | D:2      | Reached XP level 3. HP: 19/19 MP: 2/9
  1372 | D:2      | Found a basalt altar of Yredelemnul.
  1394 | D:2      | Found a blossoming altar of Fedhas.
  1788 | D:2      | Reached skill level 6 in Conjurations
  2067 | D:2      | Slain by an orc

Vault maps used:
D:1:      mrwooster_arrival_statue, kennysheep_decorative_pillar
D:2:      old_standard_altar, nicolae_overflow_hidden_temple, minivault_5
D:3:      zin_statuary, first_bread, uniq_crazy_yiuf_cottage, uniq_robin

Action                   || total
-------------------------++-------
 Cast: Magic Dart        ||    83
       Searing Ray       ||     3
  Eat: Chunk             ||     3
